cohdb
Replays
Latest Replays
All Replays
Popular Replays
Top Player Replays
Match Explorer
How It Works
Community
CoH3 Stats
Reddit
Sign in to upload your games and track your stats! →
Sign in with Steam
Match 43461440
Unlisted
Match 43461440
Overview
Messages
Build Orders
End
Royal Engineer Section
Construct Section Command Post
Dingo Light Scout Car
Selects Canadian Shock Battlegroup
Infantry Section
Infantry Section
Construct Platoon Command Post
6-pounder Anti-tank Gun Team
Selects Attacking Spirit
Selects Canadian Shock Section
Canadian Shock Section
CMP 15cwt Truck
Royal Engineer Section
6-pounder Anti-tank Gun Team
Selects Incendiary Munitions
Selects Pyrotechnics
Construct Company Command Post
[BPX] Kronosaur0s
Calosius
T.R. Olvadi
bigcheese
0
0
Comments
sign in to comment!
No comments posted yet!